 Dungeon Crawl Stone Soup version 0.30-a0-6-g7c9e10e132 (webtiles) character file.

Game seed: 7735278664411870624

69 Setbun the Magician (level 4, -2/31 HPs)
             Began as a Djinni Ice Elementalist on Aug 22, 2022.
             Killed from afar by Natasha (4 damage)
             ... with a magic dart
             ... on level 4 of the Dungeon.
             The game lasted 00:01:28 (1846 turns).

Setbun the Magician (Djinni Ice Elementalist)       Turns: 1846, Time: 00:01:29

Health: -2/31      AC:  2    Str:  7    XL:     4   Next: 42%
Gold:   43         EV: 12    Int: 18    God:
                   SH:  0    Dex: 14

rFire   + + .      SeeInvis .    (no weapon)
rCold   x . .      Faith    .    (no shield)
rNeg    . . .      Spirit   .    a - +0 robe
rPois   ∞          Reflect  .    (no helmet)
rElec   .          Harm     .    d - scarf {+Inv}
rCorr   .          Rampage  .    (no gloves)
Will    .....                    (boots unavailable)
Stlth   ++........               (no amulet)
HPRegen 0.10/turn                (no ring)
MPRegen 0.00/turn                (no ring)

@: flying, slowed, very slow
A: sickness immunity, fire resistance 2, cold vulnerability 1, float, innate
caster, HP casting, extra vitality 1
a: Evoke Invisibility


You were on level 4 of the Dungeon.
You visited 1 branch of the dungeon, and saw 3 of its levels.

You collected 43 gold pieces.

Inventory:

Armour
 a - a +0 robe (worn)
 d - a scarf of invisibility (worn)
Scrolls
 c - a scroll of identify {unknown}
 e - a scroll of summoning {unknown}
 f - a scroll of vulnerability {unknown}
Potions
 b - 2 potions of lignification {unknown}


   Skills:
 + Level 0.5 Fighting
 + Level 2.4 Dodging
 + Level 2.1 Stealth
 + Level 0.1 Unarmed Combat
 + Level 4.1 Spellcasting


You couldn't memorise any spells.
You knew the following spells:

 Your Spells              Type           Power      Damage    Failure   Level
a - Freeze                Ice            72%        1d9       2%          1
b - Frozen Ramparts       Ice            36%        1d6       8%          3
c - Ozocubu's Armour      Ice            18%        N/A       8%          3
d - Hailstorm             Conj/Ice       18%        3d6       26%         4
e - Sting                 Tmut/Pois      72%        1d6       2%          1
Your spell library was empty.

Dungeon Overview and Level Annotations

Branches:
Dungeon (2/15)

Altars:

Annotations:
D:4 Natasha


Innate Abilities, Weirdness & Mutations

You are immune to sickness and miasma.
You are immune to poison.
Your flesh is very heat resistant. (rF++)
You are vulnerable to cold. (rC-)
You float through the air rather than walking.
You learn spells naturally, not from books.
Your magical power is your life essence.
You have superior vitality. (+4 MHP)


Message History

You are too injured to fight recklessly!
Aiming: Freeze (safe; 2% risk of failure)
Press: ? - help, Q - select action, (/) - cycle Shift-Dir - straight line, f/p - necrophage
Aim: a necrophage (lightly damaged)
You freeze the necrophage but do no damage.
The necrophage completely resists.
The necrophage barely misses you.
Natasha stares at you and mumbles some strange words.
You feel yourself slow down.
Aiming: Freeze (safe; 2% risk of failure)
Press: ? - help, Q - select action, (/) - cycle Shift-Dir - straight line, f/p - necrophage
Aim: a necrophage (lightly damaged)
You freeze the necrophage.
The necrophage resists.
The necrophage is moderately damaged.
* * * LOW HITPOINT WARNING * * *
Natasha closely misses you. The necrophage misses you.
Aiming: Freeze (safe; 2% risk of failure)
Press: ? - help, Q - select action, (/) - cycle Shift-Dir - straight line, f/p - necrophage
Aim: a necrophage (moderately damaged)
You freeze the necrophage.
The necrophage resists.
The necrophage is moderately damaged.
* * * LOW HITPOINT WARNING * * *
Natasha claws you.
* * * LOW HITPOINT WARNING * * *
The necrophage misses you. The necrophage hits you.
* * * LOW HITPOINT WARNING * * *
Natasha completely misses you.
You don't have enough health to cast this spell.
Unknown command.
Unknown command.
You don't have enough health to cast this spell.
Unknown command.
You don't have enough health to cast this spell.
Unknown command.
You don't have enough health to cast this spell.
You don't have enough health to cast this spell.
Natasha attacks as you move away! Natasha closely misses you.
Natasha stares at you and mumbles some strange words.
The magic dart hits you.
You die...

###.##.# .. #......#
.. #.#.##.# ..
#.#.##.# '####
###.##.# ### $...
#..#.# ##.## ..#
##.#.###"#.###..####
#.#.##.#....n.....#
##.#.###...#@h...#.#
#....##.#.#.#...##
##........#.##..#
######.###.# ....
##...## .#### ### .#
.#


You could see a necrophage and Natasha.

Vanquished Creatures
  Natasha (D:4)
  An adder (D:4)
  2 dart slugs
  2 endoplasms (D:1)
  4 giant cockroaches
  4 goblins (D:1)
  3 hobgoblins (D:1)
  A quokka (D:2)
  3 ball pythons (D:1)
  2 bats (D:1)
  A frilled lizard (D:1)
  A kobold (D:1)
  5 rats
  A butterfly (D:1)
31 creatures vanquished.

Notes
Turn   | Place    | Note
-------+----------+-------------------------------------------
     0 | D:1      | Setbun the Djinni Ice Elementalist began the quest for the
                  | Orb.
     0 | D:1      | Setbun set off with the following spells memorised: Freeze,
                  | Frozen Ramparts, Ozocubu's Armour, Hailstorm.
     0 | D:1      | Reached XP level 1. HP: 15/15 MP: 0/0
   153 | D:1      | Reached XP level 2. HP: 2/21 MP: 0/0
  1037 | D:1      | Reached XP level 3. HP: 24/25 MP: 0/0
  1037 | D:1      | Learned a level 1 spell: Sting
  1700 | D:2      | You are sucked into a shaft and drop 2 floors!
  1703 | D:4      | Noticed Natasha
  1709 | D:4      | Killed Natasha
  1710 | D:4      | Reached skill level 4 in Spellcasting
  1710 | D:4      | Reached XP level 4. HP: 23/31 MP: 0/0
  1836 | D:4      | Noticed Natasha
  1838 | D:4      | Noticed a necrophage
  1844 | D:4      | HP: 1/31 [necrophage (2)]
  1846 | D:4      | Killed from afar by Natasha

Illustrated notes

Levels and vault maps discovered:
D:1:      spicycebolla_arrival_clurvy, layout_loops_corners,
          wad_floor_pattern_untrapped, minmay_small_reverse_x
D:2:      layout_rooms, basic_altar, ebering_ecumenical_altar_abandoned
D:4:      layout_loops_corners, kennysheep_nondescript,
          kennysheep_generic_room_16, uniq_natasha, uniq_blork_the_orc,
          uniq_sigmund, uniq_crazy_yiuf_cottage

Skill      XL: |  1  2  3  4 |
---------------+-------------+-----
Spellcasting   | 4 |  4.1
Stealth        | 2 |  2.1
Fighting       | |  0.5
Dodging        | |  2.4
Unarmed Combat | |  0.1

Action                   |  1- 3 |  4- 6 || total
-------------------------+-------+-------++-------
Melee: Unarmed           |    12 |     1 ||    13
 Cast: Freeze            |    41 |     9 ||    50
 Stab: Sleeping          |     1 |       ||     1
Armor: Robe              |     6 |     1 ||     7
Dodge: Dodged            |    24 |    11 ||    35

Table legend: (Time is in decaauts)
 A = Elapsed time spent in this place.
 B = Non-inter-level travel time spent in this place.
 C = Inter-level travel time spent in this place.
 D = Time resting spent in this place.
 E = Time spent auto-exploring this place.
 F = Levels seen in this place.
 G = Mean time per level.
                   A        B        C        D        E       F      G
               +--------+--------+--------+--------+--------+-----+--------+
         Total |   1846 |   1835 |     11 |    208 |   1416 |   3 |  615.3 |
       Dungeon |   1846 |   1835 |     11 |    208 |   1416 |   3 |  615.3 |
               +--------+--------+--------+--------+--------+-----+--------+

Top non-repeatable levels by time:
     D:1: 1551 daAuts
     D:2: 148 daAuts
     D:4: 147 daAuts
